 Dungeon Crawl Stone Soup version 0.31-a0-182-gc5ef74bbde (webtiles) character file.

Game seed: 12030369004590362511

121 qw the Chopper (level 5, -6/32 HPs)
             Began as a Gargoyle Fighter on June 21, 2023.
             Killed by divine providence
             ... invoked by an orc priest
              (11 damage)
             ... on level 3 of the Dungeon.
             The game lasted 00:00:57 (2008 turns).

qw the Chopper (Gargoyle Fighter)                   Turns: 2008, Time: 00:00:57

Health: -6/32      AC: 12    Str: 22    XL:     5   Next: 5%
Magic:  5/5        EV:  9    Int:  8    God:
Gold:   143        SH:  0    Dex:  9    Spells: 4/4 levels left

rFire   . . .        Y - +0 war axe
rCold   . . .        c - +0 buckler
rNeg    + . .        b - +0 scale mail
rPois   inf          (no helmet)
rElec   +            (no cloak)
rCorr   .            a - +0 pair of gloves
SInv    .            (no boots)
Will    .....        l - amulet of the acrobat Stlth
                     (no ring)
HPRegen 0.25/turn    (no ring)
MPRegen 0.09/turn

%: acrobat
@: confused
A: sickness immunity, AC +4, negative energy resistance 1, electricity
resistance, torment resistance 1, petrification resistance
a: no special abilities


You were on level 3 of the Dungeon.
You visited 1 branch of the dungeon, and saw 3 of its levels.

You collected 143 gold pieces.


Innate Abilities, Weirdness & Mutations

You are immune to sickness and miasma.
Your stone body is resilient. (AC +4)
You are immune to poison.
You resist negative energy. (rN+)
You are resistant to electric shocks. (rElec)
You are resistant to unholy torment.
You are immune to petrification.


   Skills:
 - Level 3.2 Fighting
 + Level 4.4 Axes
 - Level 1.0 Throwing
 - Level 3.2 Armour
 - Level 3.2 Shields


You had 4 spell levels left.
You didn't know any spells.
Your spell library was empty.

Inventory:

Hand Weapons
 j - a +0 flail
 Y - a +0 war axe (weapon)
Armour
 a - a +0 pair of gloves (worn)
 b - a +0 scale mail (worn)
 c - a +0 buckler (worn)
 f - a +1 leather armour of fire resistance
Jewellery
 l - an amulet of the acrobat (around neck)
Scrolls
 h - 4 scrolls of identify
 n - a scroll of enchant armour {unknown}
Potions
 d - a potion of might
 e - 2 potions of attraction {unknown}
 g - a potion of invisibility {unknown}
 k - a potion of magic {unknown}
 m - 2 potions of mutation {unknown}

Dungeon Overview and Level Annotations

Branches:
Dungeon (3/15)

Altars:
Cheibriados


Message History

Pain shoots through your body! The orc barely misses you.
The orc priest hits you but does no damage.
Something hits you but does no damage. The orc hits you but does no damage.
You slash the orc!
You kill the orc!
You hit the orc priest. You miss something.
You hear some strange, mumbled words.
A puff of flame appears from out of thin air!
The puff of flame hits you.
The orc priest hits you but does no damage.
You hit the orc priest.
The orc priest is heavily wounded.
You closely miss something. Something hits you.
You block the orc priest's attack.
You barely miss the orc priest.
The orc priest is heavily wounded.
You barely miss something. Something hits you.
The orc priest hits you but does no damage.
You hear some strange, mumbled words.
Something tries to affect you, but you resist.
The orc priest hits you with a +0 hand axe.
You barely miss the orc priest.
The orc priest is heavily wounded.
You closely miss something. Something hits you.
You block the orc priest's attack.
You barely miss the orc priest.
The orc priest is heavily wounded.
You closely miss something. Something hits you but does no damage.
The orc priest mumbles some strange prayers to Beogh against you.
Pain shoots through your body!
You hit the orc priest but do no damage.
The orc priest is heavily wounded.
You hit something but do no damage.
You hear some strange, mumbled words.
You are confused.
The orc priest invokes the aid of Beogh against you.
Beogh smites you!
You die...

.# .# .. .# ## ###.# o.
...# #..#.##{)#
#.....o@.# ###
#....##.########### #..
#.. #............####.#
#..###..####.>#......#..
#.......####..#.#.##.##.
######.##.....#.#.......
...####.##<##.##.####.###
#.......#.##.##.####.# #
#......))....##......# #


You could see an orc priest.

Vanquished Creatures
  An orc wizard (D:3)
  A mummy (D:3)
  2 adders (D:2)
  A worm (D:2)
  2 dart slugs (D:2)
  4 orcs (D:3)
  2 ball pythons
  7 bats
  3 endoplasms
  2 giant cockroaches (D:2)
  5 goblins
  6 hobgoblins
  4 jackals (D:3)
  4 kobolds
  A quokka (D:2)
  2 frilled lizards
  5 rats
52 creatures vanquished.

Notes
Turn   | Place    | Note
-------+----------+-------------------------------------------
     0 | D:1      | qw the Gargoyle Fighter began the quest for the Orb.
     0 | D:1      | Reached XP level 1. HP: 14/14 MP: 1/1
     0 | D:1      | 0 ||| qw: Version: 0.3-a-9-g12657ce
     0 | D:1      | 0 ||| qw: Game counter: 1540
     0 | D:1      | 0 ||| qw: Always use a shield: true
     0 | D:1      | 0 ||| qw: God list: Okawaru
     0 | D:1      | 0 ||| qw: Allow faded altars: false
     0 | D:1      | 0 ||| qw: Do Orc after D:15 true
     0 | D:1      | 0 ||| qw: Do second Lair branch before Depths: true
     0 | D:1      | 0 ||| qw: Lair rune preference: random
     0 | D:1      | 0 ||| qw: Plans: Normal, Zot:1-4, Slime:5, God:TSO, Crypt,
                  | Tomb, Abyss, Pan, Hells, Win
     0 | D:1      | 0 ||| PLANNING D:1-11
    13 | D:1      | 13 ||| Stepping ~*~*~tactically~*~*~ (stealth).
    20 | D:1      | Reached skill level 2 in Axes
    23 | D:1      | 23 ||| Stepping ~*~*~tactically~*~*~ (stealth).
   110 | D:1      | Reached XP level 2. HP: 19/19 MP: 2/2
   446 | D:1      | Reached skill level 3 in Axes
   726 | D:1      | 726 ||| READING scroll labelled ECWEMECUZE.
   727 | D:1      | 727 ||| READING scroll labelled NAM TASHREU.
   755 | D:2      | Reached XP level 3. HP: 23/23 MP: 3/3
   864 | D:2      | 864 ||| Stepping ~*~*~tactically~*~*~ (hiding).
   865 | D:2      | 865 ||| Stepping ~*~*~tactically~*~*~ (hiding).
   896 | D:2      | 896 ||| Stepping ~*~*~tactically~*~*~ (stealth).
   898 | D:2      | 898 ||| FLEEEEING.
   899 | D:2      | 899 ||| FLEEEEING.
   900 | D:2      | 900 ||| FLEEEEING.
   901 | D:2      | 901 ||| FLEEEEING.
   933 | D:2      | Reached skill level 1 in Throwing
   957 | D:2      | 957 ||| Stepping ~*~*~tactically~*~*~ (stealth).
  1192 | D:2      | 1192 ||| DROPPING +0 club.
  1239 | D:2      | Reached XP level 4. HP: 23/28 MP: 4/4
  1559 | D:2      | 1559 ||| UPGRADING to +0 pair of gloves.
  1564 | D:2      | 1564 ||| UPGRADING to amulet of the acrobat.
  1569 | D:2      | 1569 ||| READING 2 scrolls labelled LEIMEZ WIRRA.
  1570 | D:2      | 1570 ||| DROPPING scroll of fog.
  1589 | D:3      | 1589 ||| Stepping ~*~*~tactically~*~*~ (hiding).
  1590 | D:3      | 1590 ||| Stepping ~*~*~tactically~*~*~ (hiding).
  1596 | D:3      | Reached skill level 4 in Axes
  1596 | D:3      | 1596 ||| Stepping ~*~*~tactically~*~*~ (stealth).
  1623 | D:3      | Found a snail-covered altar of Cheibriados.
  1733 | D:3      | Reached XP level 5. HP: 31/32 MP: 5/5
  1873 | D:3      | 1873 ||| Stepping ~*~*~tactically~*~*~ (hiding).
  1874 | D:3      | 1874 ||| Stepping ~*~*~tactically~*~*~ (hiding).
  1877 | D:3      | 1877 ||| Stepping ~*~*~tactically~*~*~ (hiding).
  1993 | D:3      | 1993 ||| Stepping ~*~*~tactically~*~*~ (hiding).
  2007 | D:3      | HP: 5/32 [orc priest/nerve-wracking pain (6)]
  2008 | D:3      | Killed from afar by an orc priest

Levels and vault maps discovered:
D:1:      saegor_arrival_under_anarchy, layout_basic
D:2:      layout_loops_ring
D:3:      minmay_recursive_quarters, layout_loops_cross, slow_altar_1,
          grunt_decor_one_mirror, kennysheep_generic_room_11

Skill      XL: |  1  2  3  4 |
---------------+-------------+-----
Axes           | 2 3 4 |  4.4
Throwing       | 1 |  1.0
Fighting       | |  3.2
Armour         | |  3.2
Shields        | |  3.2

Action                     |  1- 3 |  4- 6 || total
---------------------------+-------+-------++-------
  Melee: War axe           |    95 |    39 ||   134
  Throw: Javelin           |    20 |     9 ||    29
    Use: Scroll            |     2 |     1 ||     3
 Armour: Scale mail        |    41 |    21 ||    62
  Dodge: Dodged            |    49 |    20 ||    69
  Block: Buckler           |    20 |     5 ||    25

Table legend:
 A = Non-vault XP
 B = Vault XP
 C = Vault XP percentage of total XP
 D = Non-vault monster count
 E = Vault monster count
 F = Vault count percentage of total count
                 A         B        C        D         E       F
            +---------+---------+-------+---------+---------+-------
      Total |     154 |      20 |  11.5 |      50 |       2 |   3.8
            +---------+---------+-------+---------+---------+-------
        D:1 |      33 |       0 |   0.0 |      19 |       0 |   0.0
        D:2 |      61 |       0 |   0.0 |      19 |       0 |   0.0
        D:3 |      60 |      20 |  25.0 |      12 |       2 |  14.3
            +---------+---------+-------+---------+---------+-------
